 Dungeon Crawl Stone Soup version 0.23-a0-389-g4a5eb33 (webtiles) character file.

23856 Garbasso the Carver (level 12, 0/106 HPs)
             Began as a Demonspawn Necromancer on Oct 29, 2018.
             Was a High Priest of Kikubaaqudgha.
             Slain by a komodo dragon (73 damage)
             ... on level 3 of the Lair of Beasts.
             The game lasted 01:04:44 (18297 turns).

Garbasso the Carver (Demonspawn Necromancer)       Turns: 18297, Time: 01:04:45

Health: 0/106      AC: 15    Str: 12    XL:     12   Next: 75%
Magic:  10/15      EV: 13    Int: 24    God:    Kikubaaqudgha [*****.]
Gold:   641        SH:  0    Dex: 20    Spells: 3/15 levels left

rFire    . . .     SeeInvis .   b - +3 scimitar (flame)
rCold    . . .     Gourm    .   d - +0 shield
rNeg     + + .     Faith    .   f - +0 scale mail
rPois    .         Spirit   .   L - +2 helmet of the New World {rN++ Int+6 Stlth-}
rElec    .         Reflect  .   l - +0 cloak
rCorr    .         Harm     .   i - +2 pair of gloves {archery}
MR       .....                  (boots unavailable)
Stlth    ..........             (no amulet)
HPRegen  0.27/turn              y - +6 ring of dexterity
MPRegen  0.14/turn              k - +3 ring of evasion

@: sleeping, slowed
A: talons 3, powered by death 1, robust 1, sturdy frame 2
a: Receive Corpses, Torment, Renounce Religion


You were on level 3 of the Lair of Beasts.
You worshipped Kikubaaqudgha.
Kikubaaqudgha was extremely pleased with you.
You were very hungry.

You visited 2 branches of the dungeon, and saw 14 of its levels.
You also visited: Bailey.

You collected 641 gold pieces.

Inventory:

Hand Weapons
 a - a +4 long sword of electrocution
 b - a +3 scimitar of flaming (weapon)
Missiles
 s - 6 javelins (quivered)
 H - 3 throwing nets {=f}
Armour
 d - a +0 shield (worn)
 f - a +0 scale mail (worn)
 i - a +2 pair of gloves of archery (worn)
 l - a +0 cloak (worn)
 L - the +2 helmet of the New World (worn) {rN++ Int+6 Stlth-}
   (You acquired it on level 10 of the Dungeon)

   It affects your intelligence (+6).
   It greatly protects you from negative energy.
   It makes you less stealthy.
Jewellery
 h - an uncursed ring of positive energy
 k - a +3 ring of evasion (right hand)
 n - an uncursed ring of ice
 r - an uncursed ring of fire
 w - an uncursed ring of stealth
 y - a +6 ring of dexterity (left hand)
Wands
 B - a wand of iceblast (17)
 D - a wand of digging (7)
 I - a wand of polymorph (8)
 J - a wand of disintegration (5)
Scrolls
 e - 5 scrolls of remove curse
 m - 5 scrolls of teleportation
 p - a scroll of fear
 q - 5 scrolls of enchant armour
 t - a scroll of blinking
 x - a scroll of immolation
 C - 2 scrolls of fog
 E - 7 scrolls of identify
Potions
 g - a potion of experience {unknown}
 j - 5 potions of mutation
 o - a potion of haste
 u - 8 potions of curing
 v - a potion of might
 z - a potion of cancellation
 A - a potion of invisibility {unknown}
 F - a potion of resistance
 G - a potion of agility {unknown}
 K - a potion of brilliance {unknown}
Comestibles
 c - 16 rations


   Skills:
 + Level 10.0 Fighting
 + Level 11.2 Long Blades
 + Level 7.2 Armour
 - Level 1.7 Dodging
 - Level 1.7 Stealth
 * Level 10.2 Shields
 - Level 2.0 Spellcasting
 - Level 8.0 Necromancy


You had 3 spell levels left.
You knew the following spells:

 Your Spells              Type           Power        Failure   Level  Hunger
a - Pain                  Necr           ####         1%          1    #......
b - Animate Skeleton      Necr           N/A          1%          1    #......
c - Vampiric Draining     Necr           #####.....   4%          3    ###....
d - Regeneration          Chrm/Necr      ###.......   22%         3    ###....
e - Animate Dead          Necr           N/A          14%         4    #####..

Your spell library contained the following spells:

 Spells                   Type           Power        Failure   Level  Hunger
 Corpse Rot               Necr           N/A          1%          2    ##.....
 Sublimation of Blood     Necr           #####.....   1%          2    ##.....
 Apportation              Tloc           #.....       36%         1    #......
 Confusing Touch          Hex            #.....       36%         1    #......
 Magic Dart               Conj           #...         36%         1    #......
 Shock                    Conj/Air       #...         36%         1    #......
 Summon Small Mammal      Summ           #...         36%         1    #......
 Blink                    Tloc           N/A          50%         2    ##.....
 Call Imp                 Summ           #.......     50%         2    ##.....
 Slow                     Hex            #.......     50%         2    ##.....
 Swiftness                Chrm/Air       #.......     50%         2    ##.....
 Call Canine Familiar     Summ           #.......     73%         3    ###....
 Conjure Flame            Conj/Fire      #.......     73%         3    ###....
 Mephitic Cloud           Conj/Pois/Air  #.......     73%         3    ###....
 Static Discharge         Conj/Air       #.......     73%         3    ###....
 Summon Guardian Golem    Hex/Summ       #.......     73%         3    ###....
 Dispel Undead            Necr           #####...     36%         5    ######.
 Excruciating Wounds      Chrm/Necr      ###.......   89%         5    ######.
 Death Channel            Necr           #####.....   91%         6    #######
 Airstrike                Air            #.........   98%         4    #####..
 Summon Ice Beast         Ice/Summ       #.......     98%         4    #####..
 Summon Lightning Spire   Summ/Air       #.......     98%         4    #####..
 Lightning Bolt           Conj/Air       #.........   100%        5    ######.
 Silence                  Hex/Air        #.........   100%        5    ######.
 Conjure Ball Lightning   Conj/Air       #.........   100%        6    #######
 Deflect Missiles         Chrm/Air       #.........   100%        6    #######
 Simulacrum               Ice/Necr       ###.......   100%        6    #######
 Tornado                  Air            #.........   100%        9    #######


Dungeon Overview and Level Annotations

Branches:
Dungeon (11/15)            Temple (0/1) D:4            Lair (3/6) D:11
    Orc (0/2) D:10
  Swamp: Lair:2-4    Shoals: Lair:2-4     Snake: Lair:2-4    Spider: Lair:2-4

Altars:
Cheibriados
Fedhas
Gozag
Hepliaklqana
Kikubaaqudgha
Okawaru
Ru
Xom
Yredelemnul

Shops:
D:6 %

Annotations:
D:6 Edmund
D:8 Gastronok
D:11 2 transporters, wazuzu's ghost, journeyman DrCj


Innate Abilities, Weirdness & Mutations

You have claws for feet.
You regenerate a little health from kills.
You are robust. (+10% HP)
Your movements are less encumbered by armour. (ER -4)


Message History

The komodo dragon bites you!!
You are too injured to fight recklessly!
Casting: Animate Dead (safe; 14% risk of failure)
Confirm with . or Enter, or press ? or * to list all spells.
Aiming: Vampiric Draining (safe; 4% risk of failure)
Press: ? - help, Shift-Dir - straight line, f - komodo dragon
Aim: a komodo dragon (moderately wounded)
The komodo dragon is heavily wounded.
You feel life coursing into your body. The komodo dragon bites you!
A dream sheep comes into view.
The dream sheep ruffle their wool and motes of dream dust sparkle, to no The dream sheep shake their wool and sparkle.
You feel drowsy...
You fall asleep.
The dream sheep bleats!
The komodo dragon closely misses you.
Your wolf zombie is no longer moving slowly.
The komodo dragon bites you!!!!
Ouch! That really hurt!
You die...
Kikubaaqudgha rasps: "You have failed me!
Welcome... death!" ... .⌠. .... ....## ..#..#. .Y.w.YY

......l###
.#+###@.#
#....ZZ.##
#.###.#..#
###..#
###.##
#ZZ#.## .
#.....#..
##..#......
#.......##P


You could see a torpor snail, a komodo dragon, 3 dream sheep and 2 friendly wolf
zombies.

Vanquished Creatures
  An orc warlord (D:11)
  Harold (D:8)
  Erolcha (D:10)
  Fannar (Lair:2)
  3 hydras
  2 two-headed ogres
  An unseen horror (D:11)
  An orc knight (Bailey)
  Maurice (D:8)
  A spiny frog (Lair:2)
  A kobold demonologist (D:8)
  3 komodo dragons
  2 trolls (D:9)
  3 blink frogs (Lair:2)
  2 hippogriffs
  A wraith (D:9)
  2 wyverns (D:11)
  24 yaks
  4 hogs (D:8)
  A warg (D:10)
  An acid dragon (D:11)
  A swamp drake (D:11)
  3 water moccasins
  4 orc warriors
  A black bear (D:11)
  An ice beast (D:6)
  4 sky beasts
  3 phantoms
  3 ogres
  6 wolves
  6 centaurs
  3 crocodiles (Lair:1)
  12 big kobolds (D:8)
  10 bullfrogs
  A gnoll sergeant (D:9)
  3 scorpions
  A wyvern skeleton (D:10)
  A wight (D:5)
  A howler monkey (D:8)
  8 crimson imps
  3 bullfrog zombies
  5 hounds
  10 orc priests
  3 bullfrog skeletons
  6 orc wizards
  2 centaur skeletons
  3 iguanas
  6 worker ants
  4 hound zombies
  A hound skeleton (D:7)
  2 worker ant zombies (D:4)
  4 adders
  6 gnolls
  A shadow imp (D:10)
  3 oozes
  2 adder zombies (D:4)
  2 adder skeletons
  2 worms
  2 dart slugs
  6 leopard geckos
  41 orcs
  6 bats
  7 giant cockroaches
  16 goblins
  8 hobgoblins
  10 jackals
  6 quokkas
  5 ball pythons
  4 frilled lizards
  2 jackal zombies
  31 kobolds
  A leopard gecko skeleton (D:4)
  A quokka skeleton (D:5)
  7 rats
347 creatures vanquished.

Vanquished Creatures (collateral kills)
  Josephine (D:9)
  Erica (D:10)
  A komodo dragon (D:11)
  A troll (D:9)
  A human (D:8)
  A wyvern (D:11)
  3 wraiths (D:9)
  A yak (Lair:1)
  Grum (D:11)
  An orc warrior (D:9)
  A necrophage (D:8)
  A wolf (Lair:3)
  2 centaurs
  A big kobold (D:8)
  3 bullfrogs
  An orc wizard (D:3)
  A gnoll (D:9)
  An adder (D:9)
  An adder zombie (D:9)
  An orc (D:6)
  2 hobgoblins
  2 kobolds
  A quokka (D:3)
  A goblin (D:10)
31 creatures vanquished.

Vanquished Creatures (others)
  3 orcs
3 creatures vanquished.

Grand Total: 381 creatures vanquished

Notes
Turn   | Place    | Note
-------+----------+-------------------------------------------
     0 | D:1      | Garbasso the Demonspawn Necromancer began the quest for the
                  | Orb.
     0 | D:1      | Reached XP level 1. HP: 13/13 MP: 3/3
   422 | D:1      | Reached skill level 1 in Fighting
   425 | D:1      | Learned a level 1 spell: Animate Skeleton
   425 | D:1      | Gained mutation: You have sharp toenails. [demonic
                  | ancestry]
   425 | D:1      | Reached XP level 2. HP: 20/21 MP: 1/5
   919 | D:1      | Reached skill level 1 in Shields
   919 | D:1      | Reached XP level 3. HP: 16/27 MP: 3/6
  1049 | D:1      | Learned a level 3 spell: Vampiric Draining
  1431 | D:2      | Found a basalt altar of Yredelemnul.
  1868 | D:2      | Gained mutation: Your movements are slightly less
                  | encumbered by armour. (ER -2) [demonic ancestry]
  1868 | D:2      | Reached XP level 4. HP: 28/34 MP: 1/7
  2730 | D:3      | Reached skill level 1 in Long Blades
  2730 | D:3      | Reached skill level 5 in Necromancy
  3126 | D:3      | Gained mutation: You have razor-sharp toenails. [demonic
                  | ancestry]
  3126 | D:3      | Reached XP level 5. HP: 40/40 MP: 8/8
  3450 | D:3      | Found an ancient bone altar of Kikubaaqudgha.
  3458 | D:3      | Became a worshipper of Kikubaaqudgha
  3656 | D:4      | Learned a level 3 spell: Regeneration
  3724 | D:4      | Reached skill level 2 in Long Blades
  3784 | D:4      | Reached XP level 6. HP: 46/47 MP: 9/9
  4008 | D:4      | Found an opulent altar of Gozag.
  4364 | D:4      | Found a staircase to the Ecumenical Temple.
  4443 | D:5      | Entered Level 5 of the Dungeon
  4478 | D:5      | Reached skill level 3 in Long Blades
  4478 | D:5      | Reached skill level 1 in Armour
  4551 | D:5      | Found a hazy altar of Hepliaklqana.
  4913 | D:5      | Gained mutation: Your movements are less encumbered by
                  | armour. (ER -4) [demonic ancestry]
  4913 | D:5      | Reached XP level 7. HP: 52/53 MP: 7/10
  5012 | D:5      | Found an iron altar of Okawaru.
  5769 | D:6      | Reached * piety under Kikubaaqudgha
  5769 | D:6      | Identified Kikubaaqudgha's Papyrus of Stolen Souls
                  | (Kikubaaqudgha gifted it to you on level 6 of the Dungeon)
  5769 | D:6      | Received a gift from Kikubaaqudgha
  5769 | D:6      | Reached skill level 4 in Long Blades
  6267 | D:6      | Noticed Edmund
  6728 | D:6      | Gained mutation: You have claws for feet. [demonic
                  | ancestry]
  6728 | D:6      | Reached XP level 8. HP: 61/61 MP: 11/11
  6830 | D:6      | Found Tunes's Food Shoppe.
  6996 | D:6      | Reached skill level 5 in Long Blades
  7147 | D:6      | Found a shimmering altar of Xom.
  7968 | D:7      | Noticed a hippogriff
  7980 | D:7      | Killed a hippogriff
  7980 | D:7      | Reached skill level 5 in Fighting
  8249 | D:7      | Reached skill level 6 in Long Blades
  8479 | D:7      | Found a blossoming altar of Fedhas.
  8685 | D:8      | Gained mutation: You regenerate a little health from kills.
                  | [demonic ancestry]
  8685 | D:8      | Reached XP level 9. HP: 67/68 MP: 9/12
  8711 | D:8      | Reached ** piety under Kikubaaqudgha
  8961 | D:8      | Found a snail-covered altar of Cheibriados.
  9034 | D:8      | Noticed Harold
  9054 | D:8      | Killed Harold
  9054 | D:8      | Reached skill level 7 in Long Blades
  9054 | D:8      | Reached skill level 5 in Shields
  9154 | D:8      | Noticed Maurice
  9212 | D:8      | Killed Maurice
  9340 | D:8      | Reached skill level 5 in Armour
  9346 | D:8      | Reached skill level 8 in Long Blades
  9346 | D:8      | Gained mutation: You are robust. (+10% HP) [demonic
                  | ancestry]
  9346 | D:8      | Reached XP level 10. HP: 47/84 MP: 2/13
  9525 | D:8      | Found a sacrificial altar of Ru.
  9554 | D:8      | Noticed a two-headed ogre
  9718 | D:8      | Killed a two-headed ogre
 10104 | D:8      | Reached *** piety under Kikubaaqudgha
 10104 | D:8      | Identified Kikubaaqudgha's Grimoire of Unholy Rituals
                  | (Kikubaaqudgha gifted it to you on level 8 of the Dungeon)
 10104 | D:8      | Received a gift from Kikubaaqudgha
 10320 | D:8      | Learned a level 4 spell: Animate Dead
 10396 | D:8      | Noticed Gastronok
 10462 | D:9      | Reached skill level 9 in Long Blades
 11320 | D:10     | Entered Level 10 of the Dungeon
 12143 | D:10     | Noticed Josephine
 12236 | D:9      | Killed Josephine
 12236 | D:9      | Reached XP level 11. HP: 40/93 MP: 14/14
 12621 | D:10     | Noticed a two-headed ogre
 12634 | D:10     | Killed a two-headed ogre
 12659 | D:10     | Reached **** piety under Kikubaaqudgha
 12825 | D:10     | Found a staircase to the Orcish Mines.
 12950 | D:10     | Noticed Erica
 12950 | D:10     | Noticed Erolcha
 12965 | D:10     | Killed Erica
 12965 | D:10     | Reached skill level 10 in Long Blades
 12981 | D:10     | Killed Erolcha
 13175 | D:10     | Identified a scroll of acquirement
 13176 | D:10     | Got a twisted helmet
 13187 | D:10     | Identified the +2 helmet of the New World {rN++ Int+6
                  | Stlth-} (You acquired it on level 10 of the Dungeon)
 13420 | D:11     | Found a transporter.
 13446 | D:11     | Noticed wazuzu's ghost (journeyman DrCj)
 13595 | D:11     | Found a flagged portal.
 13740 | D:11     | Killed an unseen horror
 13756 | Bailey   | Entered a bailey
 13911 | Bailey   | Noticed an orc warlord
 13939 | Bailey   | Noticed an orc knight
 13959 | Bailey   | Killed an orc knight
 14014 | Bailey   | Found a runed gate.
 14015 | Bailey   | Found a runed gate.
 14016 | Bailey   | Found a runed gate.
 14078 | Bailey   | HP: 2/95 [orc warlord/war axe (16)]
 14843 | D:11     | Found a transporter.
 14889 | D:11     | Reached ***** piety under Kikubaaqudgha
 15269 | D:11     | Killed an orc warlord
 15323 | D:11     | Reached XP level 12. HP: 104/104 MP: 15/15
 15348 | D:11     | Noticed Grum
 15363 | D:11     | Found a staircase to the Lair.
 15364 | D:11     | Killed Grum
 15571 | D:11     | Noticed a four-headed hydra
 15580 | D:11     | Killed a one-headed hydra
 15910 | Lair:1   | Entered Level 1 of the Lair of Beasts
 15990 | Lair:1   | Noticed an eight-headed hydra
 16001 | Lair:1   | Killed a four-headed hydra
 16664 | Lair:1   | Reached skill level 11 in Long Blades
 17517 | Lair:2   | Noticed a six-headed hydra
 17529 | Lair:2   | Killed a one-headed hydra
 17529 | Lair:2   | Reached skill level 10 in Shields
 17541 | Lair:2   | Noticed Fannar
 17560 | Lair:2   | Killed Fannar
 18270 | Lair:3   | Reached skill level 10 in Fighting
 18297 | Lair:3   | Slain by a komodo dragon

Vault maps used:
D:1:      mainiacjoe_arrival_reflecting_pool
D:2:      nicolae_overflow_crystal_walls, first_ration
D:3:      lemuel_coloured_pillars_altar
D:4:      nicolae_gozag_seed_capital, minmay_temple_entry_nine_rooms,
          serial_undead, serial_undead_d, serial_undead_f, serial_undead_c,
          serial_undead_f
D:5:      kennysheep_little_box, kennysheep_mini
D:6:      marbit_many_paths, kennysheep_windowed_goal, uniq_edmund
D:7:      fedhas_altar_1
D:8:      lemuel_round_altar, lemuel_doored_altar, special_room,
          grunt_livestock, uniq_gastronok, uniq_harold, uniq_maurice
D:10:     erik_orc_4, uniq_josephine, uniq_erica, uniq_erolcha
D:11:     erik_lair_dragon, gammafunk_ghost_mausoleum, enter_bailey_8, uniq_grum
Lair:1:   chequers_serial_rivers_small_a
Lair:2:   uniq_fannar
Lair:3:   lemuel_fruit_tree, grunt_megastairs_2
Bailey:   bailey_axe_bossmonster_kennysheep, bailey

Skill      XL: |  1  2  3  4  5  6  7  8  9 10 11 12 |
---------------+-------------------------------------+-----
Fighting       | 1 2 3 4 5 6 7 9 10 | 10.0
Shields        | 1 2 3 4 5 6 8 10 | 10.2
Long Blades    | 1 2 3 4 6 8 9 10 11 | 11.2
Necromancy     | 5 6 7 8 |  8.0
Armour         | 1 2 3 5 6 7 |  7.2
Dodging        | |  1.7
Stealth        | |  1.7
Spellcasting   | |  2.0

Action                   |  1- 3 |  4- 6 |  7- 9 | 10-12 || total
-------------------------+-------+-------+-------+-------++-------
Melee: Dagger            |     6 |       |       |       ||     6
       Short sword       |    36 |       |       |       ||    36
       Kick              |     9 |    40 |    79 |   197 ||   325
       Long sword        |    16 |   145 |   294 |     1 ||   456
       Scimitar          |       |       |    19 |   698 ||   717
Throw: Stone             |     8 |       |       |       ||     8
       Javelin           |       |     6 |     9 |    14 ||    29
 Cast: Pain              |    39 |    55 |    44 |    78 ||   216
       Animate Skeleton  |    16 |    15 |    17 |    54 ||   102
       Vampiric Draining |     1 |     3 |    28 |    53 ||    85
       Animate Dead      |       |       |       |    21 ||    21
       Regeneration      |       |       |       |     7 ||     7
Evoke: Wand              |       |       |       |    16 ||    16
  Use: Scroll            |       |     5 |     3 |    14 ||    22
       Potion            |       |       |     3 |     4 ||     7
 Stab: Sleeping          |     3 |     3 |       |       ||     6
       Distracted        |       |       |     4 |     2 ||     6
       Confused          |       |       |       |     4 ||     4
  Eat: Chunk             |     4 |     8 |    12 |    26 ||    50
       Ration            |       |     1 |     2 |     5 ||     8
Armor: Robe              |     9 |       |       |       ||     9
       Leather armour    |       |    28 |       |       ||    28
       Scale mail        |       |    23 |   183 |   320 ||   526
       Skin              |       |       |     1 |       ||     1
Dodge: Dodged            |    55 |   155 |   297 |   434 ||   941
Block: Shield            |       |       |     3 |   327 ||   330
       Rpst.: Long sword |     7 |    37 |    70 |       ||   114
       Scimitar          |       |       |     7 |   113 ||   120

Table legend:
 A = Non-vault XP
 B = Vault XP
 C = Vault XP percentage of total XP
 D = Non-vault monster count
 E = Vault monster count
 F = Vault count percentage of total count
                 A         B        C        D         E       F
            +---------+---------+-------+---------+---------+-------
      Total |   20997 |   13083 |  38.4 |     276 |     102 |  27.0
            +---------+---------+-------+---------+---------+-------
        D:1 |      49 |       0 |   0.0 |      25 |       0 |   0.0
        D:2 |      58 |       0 |   0.0 |      24 |       0 |   0.0
        D:3 |     196 |       0 |   0.0 |      33 |       0 |   0.0
        D:4 |      60 |     212 |  77.9 |       8 |      10 |  55.6
        D:5 |     381 |       0 |   0.0 |      21 |       0 |   0.0
        D:6 |     891 |     110 |  11.0 |      18 |       2 |  10.0
        D:7 |     685 |       0 |   0.0 |      14 |       0 |   0.0
        D:8 |    1966 |    3698 |  65.3 |      20 |      31 |  60.8
        D:9 |    1927 |    1301 |  40.3 |      30 |       5 |  14.3
       D:10 |    1653 |    2285 |  58.0 |      10 |      19 |  65.5
       D:11 |    5204 |    3547 |  40.5 |      37 |      11 |  22.9
     Lair:1 |    4733 |       0 |   0.0 |      23 |       0 |   0.0
     Lair:2 |    2567 |    1028 |  28.6 |       7 |       1 |  12.5
     Lair:3 |     627 |      88 |  12.3 |       6 |       1 |  14.3
     Bailey |       0 |     814 | 100.0 |       0 |      22 | 100.0
            +---------+---------+-------+---------+---------+-------
